 Dungeon Sprint DCSS version 0.27-a0-103-g6cd7b45605 (webtiles) character file.

Game seed: 15618782081335680702

1782 mhtbhm the Grappler (level 9, -7/54 HPs)
             Began as an Octopode Transmuter on Jan 24, 2021.
             Was a Follower of Sif Muna.
             Mangled by a deep troll (16 damage)
             ... in the Dungeon (Sprint I: "Red Sonja").
             The game lasted 00:02:19 (744 turns).

mhtbhm the Grappler (Octopode Transmuter)            Turns: 744, Time: 00:02:19

Health: -7/54      AC:  1    Str: 13    XL:     9   Next: 8%
Magic:  15/22      EV: 17    Int: 15    God:    Sif Muna [*.....]
Gold:   432        SH:  0    Dex: 12    Spells: 11/26 levels left

rFire    . . .     SeeInvis .     - Unarmed
rCold    . . .     Faith    .   (shield currently unavailable)
rNeg     . . .     Spirit   .   (helmet restricted)
rPois    .         Reflect  .   (no amulet)
rElec    .         Harm     .   (no ring)
rCorr    .         Rampage  .   (no ring)
Will     .....     NoTele   +   (no ring)
Stlth    +++++.....             (no ring)
HPRegen  0.18/turn              (no ring)
MPRegen  0.18/turn              (no ring)
                                (no ring)
                                (no ring)

@: blade tentacles, wereblooded
A: almost no armour, stealthy swim, amphibious, 8 rings, constrict 8, camouflage
1, gelatinous body 1
a: End Transformation, Renounce Religion, Channel Magic


You were in the Dungeon.
You worshipped Sif Muna.
Sif Muna was aware of your devotion.
You had blades for tentacles.
You visited 1 branch You collected 432 gold pieces.

Inventory:

Scrolls
 g - 3 scrolls of blinking
Potions
 d - a potion of haste
 e - 2 potions of magic
 f - a potion of berserk rage


   Skills:
 + Level 1.9 Fighting
 + Level 7.2 Dodging
 + Level 8.1 Stealth
 + Level 12.5 Unarmed Combat
 + Level 9.1 Spellcasting
 + Level 7.7 Transmutations
 + Level 3.1 Poison Magic


You had 11 spell levels left.
You knew the following spells:

 Your Spells              Type           Power        Failure   Level
a - Beastly Appendage     Tmut           60%          11%         1
b - Wereblood             Tmut           30%          13%         2
c - Spider Form           Tmut/Pois      11%          28%         3
d - Ice Form              Ice/Tmut       18%          65%         4
e - Blade Hands           Tmut           15%          50%         5

Your spell library contained the following spells:

 Spells                   Type           Power        Failure   Level


Dungeon Overview and Level Annotations

Branches:
Dungeon (1/1)

Altars:
Cheibriados
Dithmenos
Elyvilon
Fedhas
Gozag
Hepliaklqana
Kikubaaqudgha
Makhleb
Nemelex Xobeh
Okawaru
Qazlal
Ru
Sif Muna
Trog
Uskayaw
Vehumet
Wu Jian
Xom
Yredelemnul
Zin
The Shining One
Jiyva
Lugonu

Shops:
D *


Innate Abilities, Weirdness & Mutations

You cannot wear most types of armour.
You are very stealthy in the water. (Stealth+)
You are amphibious.
You can wear up to eight rings at the same time.
You can use your tentacles to constrict eight enemies at once.
Your skin changes colour to match your surroundings (Stealth+).
Your rubbery body absorbs attacks. (AC +1, EV +1)


Message History

You hit the deep troll but do no damage.
Your squeeze misses the deep troll.
You howl as the wereblood boils in your veins!
The deep troll closely misses you. The deep troll claws you.
The deep troll completely misses you.
You hit the deep troll.
The deep troll is lightly wounded.
You slice the deep troll!!
The deep troll is heavily wounded.
The deep troll bites you! The deep troll claws you!
The deep troll barely misses you.
You slash the deep troll!
The deep troll is severely wounded.
The deep troll bites you. The deep troll claws you!!
* * * LOW HITPOINT WARNING * * *
The deep troll completely misses you.
You barely miss the deep troll. You squeeze the deep troll.
The deep troll is severely wounded.
The deep troll bites you!
You die...

#..#####'#####'#__####...+
#..####..#...#)#### #####
#..#__####..##.#
#..#_____##'#_.+
#⌠⌠#_.∩..÷'..._#
####_..__##_.#'#
#_____###'#[#
#########.####+###
+$..'@T.$$+ #$)$#######
##.## #+#


You could see a deep troll.

Vanquished Creatures
  Sonja (D)
  2 kobold demonologists (D)
  A slime creature (D)
  Sigmund (D)
  A yak (D)
  A floating eye (D)
  An ogre (D)
  A jelly (D)
  Ijyb (D)
10 creatures vanquished.

Notes
Turn   | Place    | Note
-------+----------+-------------------------------------------
     0 | D        | mhtbhm the Octopode Transmuter began the quest for the Orb.
     0 | D        | Reached XP level 1. HP: 13/13 MP: 3/3
     1 | D        | Noticed Ijyb
    21 | D        | Killed Ijyb
    22 | D        | Reached skill level 5 in Unarmed Combat
    22 | D        | Reached XP level 2. HP: 13/18 MP: 2/5
    22 | D        | Reached XP level 3. HP: 17/23 MP: 2/7
   105 | D        | Learned a level 2 spell: Wereblood
   109 | D        | Learned a level 3 spell: Spider Form
   112 | D        | Noticed an ogre
   121 | D        | Killed an ogre
   122 | D        | Reached skill level 7 in Unarmed Combat
   122 | D        | Reached XP level 4. HP: 28/28 MP: 6/10
   259 | D        | Learned a level 4 spell: Ice Form
   261 | D        | Noticed Sigmund
   269 | D        | Killed Sigmund
   270 | D        | Reached skill level 5 in Dodging
   270 | D        | Reached skill level 9 in Unarmed Combat
   270 | D        | Reached skill level 5 in Spellcasting
   270 | D        | Reached XP level 5. HP: 33/33 MP: 7/13
   270 | D        | Reached XP level 6. HP: 38/38 MP: 7/14
   280 | D        | Found an ornate altar of the Wu Jian Council.
   280 | D        | Found a shimmering blue altar of Sif Muna.
   282 | D        | Found a radiant altar of Vehumet.
   288 | D        | Reached skill level 5 in Transmutations
   355 | D        | Learned a level 5 spell: Blade Hands
   357 | D        | Found Abyelana's Assorted Antiques.
   357 | D        | Found an ancient bone altar of Kikubaaqudgha.
   357 | D        | Found a hazy altar of Hepliaklqana.
   357 | D        | Found a stormy altar of Qazlal.
   357 | D        | Found a hide-covered altar of Uskayaw.
   357 | D        | Found a blossoming altar of Fedhas.
   357 | D        | Found a bloodstained altar of Trog.
   357 | D        | Found an iron altar of Okawaru.
   357 | D        | Found a basalt altar of Yredelemnul.
   357 | D        | Found a glowing golden altar of the Shining One.
   357 | D        | Found a snail-covered altar of Cheibriados.
   357 | D        | Found a sacrificial altar of Ru.
   357 | D        | Found a glowing silver altar of Zin.
   357 | D        | Found a shadowy altar of Dithmenos.
   357 | D        | Found a white marble altar of Elyvilon.
   357 | D        | Noticed a yak
   358 | D        | Found an opulent altar of Gozag.
   362 | D        | Killed a yak
   363 | D        | Reached skill level 10 in Unarmed Combat
   363 | D        | Reached skill level 1 in Poison Magic
   363 | D        | Reached XP level 7. HP: 32/43 MP: 10/16
   363 | D        | Found a sparkling altar of Nemelex Xobeh.
   375 | D        | Became a worshipper of Sif Muna the Loreminder
   444 | D        | Found a viscous altar of Jiyva.
   444 | D        | Found a corrupted altar of Lugonu.
   444 | D        | Noticed a slime creature
   445 | D        | Found a burning altar of Makhleb.
   445 | D        | Found a shimmering altar of Xom.
   457 | D        | Killed a slime creature
   624 | D        | Noticed a kobold demonologist
   624 | D        | Noticed a kobold demonologist
   629 | D        | Reached skill level 5 in Stealth
   629 | D        | Reached skill level 11 in Unarmed Combat
   631 | D        | Killed a kobold demonologist
   631 | D        | Reached * piety under Sif Muna
   632 | D        | Reached XP level 8. HP: 44/50 MP: 6/19
   633 | D        | Killed a kobold demonologist
   730 | D        | Noticed Sonja
   734 | D        | Killed Sonja
   735 | D        | Reached skill level 12 in Unarmed Combat
   735 | D        | Reached XP level 9. HP: 54/54 MP: 14/22
   737 | D        | Noticed a deep troll
   744 | D        | Mangled by a deep troll

Illustrated notes

Levels and vault maps discovered:
D:        dungeon_sprint_1 [red_sonja_temple_1, red_sonja_temple_small_1]

Skill      XL: |  1  2  3  4  5  6  7  8 |
---------------+-------------------------+-----
Dodging        | 3 4 5 6 7 |  7.2
Unarmed Combat | 5 7 9 10 11 12 | 12.5
Spellcasting   | 4 5 6 7 9 |  9.1
Transmutations | 3 4 5 6 7 |  7.7
Stealth        | 2 3 6 8 |  8.1
Poison Magic   | 1 2 3 |  3.1
Fighting       | |  1.9

Action                   |  1- 3 |  4- 6 |  7- 9 || total
-------------------------+-------+-------+-------++-------
Melee: Unarmed           |    23 |    13 |    24 ||    60
       Kick              |     5 |       |       ||     5
       Tentacles         |     4 |     1 |     2 ||     7
       Constrict         |     1 |       |     2 ||     3
       Punch             |     1 |       |       ||     1
 Cast: Beastly Appendage |     2 |       |       ||     2
       Wereblood         |     1 |     2 |     3 ||     6
       Spider Form       |       |     2 |     1 ||     3
       Blade Hands       |       |       |     2 ||     2
  Use: Potion            |     2 |       |       ||     2
 Stab: Sleeping          |       |     2 |     2 ||     4
Armor: Skin              |     1 |       |     2 ||     3
Dodge: Dodged            |    14 |     6 |    14 ||    34

Table legend: (Time is in decaauts)
 A = Elapsed time spent in this place.
 B = Non-inter-level travel time spent in this place.
 C = Inter-level travel time spent in this place.
 D = Time resting spent in this place.
 E = Time spent auto-exploring this place.
 F = Levels seen in this place.
 G = Mean time per level.
                   A        B        C        D        E       F      G
               +--------+--------+--------+--------+--------+-----+--------+
         Total |    735 |    735 |      0 |    481 |      1 |   1 |  735.0 |
       Dungeon |    735 |    735 |      0 |    481 |      1 |   1 |  735.0 |
               +--------+--------+--------+--------+--------+-----+--------+

Top non-repeatable levels by time:
       D: 735 daAuts
